Map: Dusk Towers

Players

RadekDaNa - Winner!

  • Race: Zerg Zerg
  • League: Grandmaster

MaGiK

  • Race: Protoss Protoss

Event: Gauntlet LotV Series 1 Qualifier 2

VOD

Have the link to the VOD?

Description

Time

  • Played on: Dec. 5, 2015, 1:36 p.m.
  • Length: 6:56

All games in this series

Show
View Real Time Build Order
Export as new Build Order

RadekDaNa Zerg - Winner!

Build Orders: Hatch First 

Get SALT Encoding   

  12  0:01  Drone  
  13  0:12  Overlord  
  13  0:17  Drone  
  14  0:32  Drone x2  
  16  0:36  Drone  
  17  0:53  Hatchery  
  17  0:54  Drone  
  17  0:58  Drone  
  17  1:03  Extractor  
  17  1:13  Spawning Pool  
  17  1:15  Drone  
  17  1:19  Drone  
  18  1:28  Drone  
  19  1:38  Overlord  
  19  1:49  Drone  
  20  1:59  Queen  
  20  2:00  Zergling x2  
  23  2:04  Drone, Queen  
  26  2:11  Drone  
  26  2:15  Metabolic Boost, Drone  
  28  2:22  Drone  
  29  2:27  Drone  
  30  2:32  Drone  
  31  2:37  Drone  
  31  2:43  Hatchery  
  31  2:44  Overlord  
  31  2:48  Drone  
  32  2:56  Drone  
  33  3:02  Overlord  
  33  3:05  Drone  
  34  3:08  Drone x3  
  34  3:10  Drone, Queen  
  34  3:12  Drone  
  41  3:13  Drone x2  
  43  3:21  Drone  
  43  3:24  Overlord  
  44  3:28  Extractor  
  44  3:29  Drone  
  44  3:38  Roach Warren  
  44  3:39  Drone  
  44  3:40  Drone  
  45  3:41  Drone  
  45  3:43  Spore Crawler  
  45  3:44  Drone x2  
  45  3:45  Drone x2  
  49  3:50  Overlord  
  49  3:51  Drone  
  50  3:58  Spore Crawler  
  49  4:04  Drone, Extractor  
  49  4:05  Overlord  
  49  4:06  Overlord  
  49  4:18  Roach x7  
  49  4:21  Overlord  
  49  4:23  Roach  
  65  4:28  Roach x2  
  69  4:38  Zergling x12  
  75  4:44  Overlord  
  75  4:45  Zergling x4  
  76  4:50  Zergling x8  
  81  4:55  Lair  
  81  5:06  Drone  
  81  5:07  Drone x5  
  87  5:09  Drone  
  87  5:12  Drone x2  
  90  5:26  Spore Crawler  
  90  5:27  Drone  
  90  5:28  Drone x9  
  98  5:34  Extractor  
  97  5:37  Extractor  
  97  5:42  Spawning Pool  
  95  5:45  Extractor  
  95  5:48  Drone x3, Extractor  
  94  5:55  Overseer  
  94  5:56  Overseer  
  94  5:59  Drone x3  
  94  6:00  Drone x4  
  94  6:01  Drone x4  
  105  6:06  Overlord  
  105  6:08  Pneumatized Carapace  
  100  6:20  Drone x3  
  103  6:30  Overlord x2  
  103  6:31  Overlord  
  103  6:33  Ravager x8  
  103  6:34  Ravager  
  103  6:36  Ravager  
  103  6:39  Hatchery  
Show
View Real Time Build Order
Export as new Build Order

MaGiK Protoss 

Build Orders: Dark Templar Rush 

Get SALT Encoding   

  12  0:01  Probe (Chrono Boost)  
  13  0:11  Probe (Chrono Boost)  
  14  0:19  Pylon  
  14  0:22  Probe (Chrono Boost)  
  15  0:38  Probe (Chrono Boost), Gateway  
  16  0:48  Probe (Chrono Boost)  
  17  0:52  Assimilator  
  17  0:54  Assimilator  
  17  0:59  Probe (Chrono Boost)  
  18  1:19  Probe (Chrono Boost)  
  19  1:26  Cybernetics Core  
  19  1:29  Probe (Chrono Boost)  
  20  1:40  Probe (Chrono Boost)  
  20  1:44  Pylon  
  20  1:45  Zealot  
  23  1:53  Pylon  
  23  2:02  Probe (Chrono Boost)  
  23  2:04  Warp Gate  
  24  2:18  Probe (Chrono Boost)  
  25  2:24  Twilight Council  
  24  2:31  Probe (Chrono Boost)  
  25  2:42  Nexus  
  25  2:48  Probe (Chrono Boost)  
  26  3:01  Dark Shrine  
  26  3:15  Gateway  
  26  3:19  Gateway  
  26  3:29  Gateway  
  26  3:32  Probe (Chrono Boost)  
  27  3:38  Pylon  
  27  3:42  Probe (Chrono Boost)  
  28  3:53  Pylon  
  27  4:03  Robotics Facility  
  27  4:10  Zealot  
  27  4:18  Probe (Chrono Boost)  
  28  4:25  Dark Templar x2  
  28  4:30  Dark Templar  
  34  4:39  Probe (Chrono Boost)  
  34  4:40  Probe (Chrono Boost)  
  36  4:49  Warp Prism  
  36  4:51  Probe (Chrono Boost)  
  39  4:53  Probe (Chrono Boost)  
  40  5:01  Probe (Chrono Boost)  
  40  5:04  Probe (Chrono Boost)  
  42  5:16  Probe (Chrono Boost)  
  42  5:17  Probe (Chrono Boost)  
  44  5:27  Probe x2 (Chrono Boost)  
  46  5:29  Adept  
  46  5:30  Adept x3  
  54  5:37  Probe (Chrono Boost)  
  55  5:48  Probe x2 (Chrono Boost)  
  57  6:00  Adept x2  
  61  6:06  Pylon  
  61  6:08  Pylon  
  61  6:11  Pylon  
  55  6:25  Pylon  
  55  6:26  Adept  
  55  6:27  Adept x3, Pylon  
  63  6:32  Pylon  
  63  6:36  Probe x2 (Chrono Boost), Pylon  
Tags
 
Add a new tag
Caveats
  • Supply blocks, unpowered buildings, or Contaminate may cause inaccurate times.
  • Supply counts are checked every 10 seconds.